 Dungeon Crawl Stone Soup version 0.30.1-9-gdf580d7c3d (webtiles) character file.

Game seed: 11843939777569616363

1610 KittyFluff the Covered (level 8, -6/51 HPs)
             Began as a Gargoyle Berserker on Oct 21, 2023.
             Was a Priest of Trog.
             Killed by divine providence
             ... invoked by an orc priest
              (12 damage)
             ... on level 6 of the Dungeon.
             The game lasted 00:18:50 (4534 turns).

KittyFluff the Covered (Gargoyle Berserker)         Turns: 4534, Time: 00:18:50

Health: -6/51      AC: 21    Str: 23    XL:     8   Next: 95%
Magic:  8/8        EV: 13    Int:  8    God:    Trog [***...]
Gold:   328        SH:  0    Dex: 15    Spells: 7/7 levels left

rFire   . . .        v - +0 flail (protect)
rCold   . . .        (no shield)
rNeg    + . .        z - +2 leather armour {Will+}
rPois   ∞            e - +0 hat
rElec   +            q - +0 cloak
rCorr   .            j - +0 pair of gloves
SInv    .            (no boots)
Will    +....        (no amulet)
Stlth   +            k - ring of flight
HPRegen 0.28/turn    B - +6 ring of dexterity
MPRegen 0.11/turn

%: no passive effects
@: under a protective aura, flying
A: sickness immunity, AC +5, negative energy resistance 1, electricity
resistance, torment resistance 1, petrification resistance
a: Renounce Religion, Berserk, Trog's Hand


You were on level 6 of the Dungeon.
You worshipped Trog.
Trog was most pleased with you.
You visited 1 branch of the dungeon, and saw 6 of its levels.

You collected 328 gold pieces.

Inventory:

Hand Weapons
 a - a +0 mace
 h - a +0 sling
 t - a +0 quarterstaff
 v - a +0 flail of protection (weapon)
Missiles
 b - 12 poisoned darts (quivered)
 A - 14 boomerangs of dispersal
Armour
 e - a +0 hat (worn)
 g - a +0 ring mail
 j - a +0 pair of gloves (worn)
 n - a +0 leather armour
 q - a +0 cloak (worn)
 z - a +2 leather armour of willpower (worn)
Jewellery
 k - a ring of flight (left hand)
 B - a +6 ring of dexterity (right hand)
Wands
 r - a wand of iceblast (7)
 y - a wand of paralysis (10)
Scrolls
 d - 4 scrolls of teleportation {unknown}
 f - a scroll of vulnerability {unknown}
 i - 3 scrolls of amnesia {unknown}
 l - a scroll of magic mapping {unknown}
 p - 3 scrolls of immolation {unknown}
 s - a scroll of fear {unknown}
 w - a scroll of fog {unknown}
 x - a scroll of poison {unknown}
Potions
 c - a potion of resistance
 m - a potion of cancellation
 o - a potion of berserk rage
 u - 2 potions of heal wounds
 C - a potion of curing {unknown}


   Skills:
 + Level 5.8 Fighting
 * Level 6.9 Maces & Flails
 * Level 7.2 Armour
 + Level 4.0 Dodging


You had 7 spell levels left.
You didn't know any spells.
Your spell library was empty.

Dungeon Overview and Level Annotations

Branches:
Dungeon (6/15)             Temple (0/1) D:6

Altars:
Zin

Shops:
D:3 (


Innate Abilities, Weirdness & Mutations

You are immune to sickness and miasma.
Your stone body is resilient. (AC +5)
You are immune to poison.
You resist negative energy. (rN+)
You are resistant to electric shocks. (rElec)
You are resistant to unholy torment.
You are immune to petrification.


Message History

The orc priest is severely wounded.
The orc priest misses you.
You hit the orc priest.
The orc priest is almost dead.
The orc priest casts a cantrip, but nothing happens.
You hit the orc priest but do no damage.
The orc priest is almost dead.
The orc priest hits you but does no damage.
The orc priest calls down the wrath of Beogh upon you.
Beogh smites you!
You barely miss the orc priest.
You punch the orc priest, but do no damage.
The orc priest is almost dead.
The orc priest mumbles some strange prayers to Beogh against you.
Beogh smites you!
You barely miss the orc priest.
The orc priest is almost dead.
The orc priest misses you.
You hit the orc priest.
You kill the orc priest!
Trog accepts your kill.
You barely miss the orc. The orc closely misses you.
The orc priest looks encouraged for a moment.
You completely miss the orc. The orc closely misses you.
You sock the orc!
You kill the orc!
Trog accepts your kill.
The orc wizard points at you and mumbles some strange words.
The magic dart hits you!
You closely miss the orc.
You hit the orc wizard but do no damage.
The orc priest invokes the aid of Beogh against you.
Beogh smites you!
* * * LOW HITPOINT WARNING * * *
You sock the orc wizard!
The orc wizard is almost dead.
The orc wizard misses you.
The orc priest mumbles some strange prayers to Beogh against you.
Beogh smites you!
You die... ###.#.## #.##.##. #......## #..$......# ...#.##. #.........+.........+ ........ #.###..####......... ....)... #.# ..# ....... #....... #.###..# .oo.. ####..## #......# ooo

#..## #.#.##.# #o# #....
#......#
#@############....
###.########
##.##.............. #.#
##...###.........######.##
##)###.....######.###.#
#.## #...##.......#..#.#
#.# #...
#)....†....#.'..'.# #.#
#### #...###...####..###
#.# ##### #####
#########.# #.........#


You could see 2 orc priests, an orc wizard and 3 orcs.

Vanquished Creatures
  An ice beast (D:5)
  A black bear (D:6)
  4 ogres
  A phantom (D:5)
  2 kobold brigands (D:6)
  A bullfrog (D:6)
  4 scorpions
  A gnoll sergeant (D:6)
  6 orc priests
  An iguana (D:6)
  A sleepcap (D:6)
  3 orc wizards
  3 adders
  7 gnolls
  A shadow imp (D:5)
  A white imp (D:6)
  An ufetubus (D:4)
  2 dart slugs
  21 orcs
  4 endoplasms
  3 giant cockroaches
  4 goblins
  7 hobgoblins
  3 jackals (D:2)
  3 quokkas
  6 ball pythons
  A bat (D:3)
  4 frilled lizards
  15 kobolds
  5 rats
117 creatures vanquished.

Notes
Turn   | Place    | Note
-------+----------+-------------------------------------------
     0 | D:1      | KittyFluff the Gargoyle Berserker began the quest for the
                  | Orb.
     0 | D:1      | Reached XP level 1. HP: 14/14 MP: 1/1
    97 | D:1      | Reached XP level 2. HP: 18/19 MP: 2/2
   272 | D:1      | Found a faded altar of an unknown god.
   539 | D:2      | Reached XP level 3. HP: 23/23 MP: 3/3
   553 | D:2      | Reached ** piety under Trog
   732 | D:2      | Reached skill level 3 in Armour
   867 | D:3      | Found Obumyme's Weapon Emporium.
   956 | D:3      | Reached XP level 4. HP: 21/29 MP: 4/4
  1046 | D:3      | Noticed a scorpion
  1059 | D:3      | Killed a scorpion
  1060 | D:3      | Reached XP level 5. HP: 33/33 MP: 5/5
  1503 | D:4      | Noticed an ogre
  1515 | D:4      | Killed an ogre
  1516 | D:4      | Reached skill level 4 in Armour
  1516 | D:4      | Reached XP level 6. HP: 29/38 MP: 6/6
  2184 | D:4      | Identified the +0 robe of Wasted Space {Rampage}
  2540 | D:5      | Entered Level 5 of the Dungeon
  2645 | D:5      | Reached skill level 5 in Maces & Flails
  2645 | D:5      | Reached skill level 5 in Armour
  2645 | D:5      | Reached XP level 7. HP: 26/44 MP: 7/7
  2728 | D:5      | Found a glowing silver altar of Zin.
  2781 | D:5      | Reached *** piety under Trog
  3225 | D:5      | Reached skill level 5 in Fighting
  3378 | D:6      | Reached skill level 6 in Armour
  3378 | D:6      | Reached XP level 8. HP: 47/49 MP: 8/8
  3405 | D:6      | Found a staircase to the Ecumenical Temple.
  4242 | D:6      | Reached skill level 7 in Armour
  4534 | D:6      | Killed from afar by an orc priest

Illustrated notes

Levels and vault maps discovered:
D:1:      scummos_arrival_gate, layout_rooms,
          ebering_ecumenical_altar_petrified, chequers_serial_rivers_micro_c
D:2:      layout_rooms, serial_bayou, serial_bayou_pond_d, serial_bayou_pond_d,
          serial_bayou_shore_a, serial_bayou_lake_a
D:3:      layout_rooms, serial_shops, shop
D:4:      layout_basic
D:5:      layout_rooms, zin_academy
D:6:      layout_loops_corners, minmay_temple_entry_stoned_glass,
          minmay_unpleasant_kobolds

Skill      XL: |  1  2  3  4  5  6  7  8 |
---------------+-------------------------+-----
Armour         | 3 4 5 6 7 |  7.2
Dodging        | 2 3 4 |  4.0
Maces & Flails | 4 5 6 |  6.9
Fighting       | 4 5 |  5.8

Action                     |  1- 3 |  4- 6 |  7- 9 || total
---------------------------+-------+-------+-------++-------
  Melee: Mace              |    95 |   123 |       ||   218
         Flail             |       |     4 |   279 ||   283
         Punch             |       |     1 |     5 ||     6
 Invoke: Berserk           |     1 |       |     1 ||     2
    Use: Scroll            |     5 |     3 |       ||     8
   Stab: Sleeping          |     1 |       |     1 ||     2
 Armour: Animal skin       |    42 |    16 |       ||    58
         Leather armour    |       |    49 |   137 ||   186
  Dodge: Dodged            |    72 |    80 |   159 ||   311
